zoologist, lawful male human Archeologist .------- ....--.|.- |..........| |..........| -- .. |.| ---.-..---..--|..| .....-- --.--- |..I.>.| |..--#..| ...--.--- ..III.---.--.-----.....--- |...--...| ---- ...^.I....|--- |.....-- --.......)| - ---..| --.I....--- --.....--- -----....(...---- ---.--...^-- --.---.---- |.......... .............[..|--- |..........-- --- |....| --.........- --......-------%--.-- -.......-...--- |....| --.........| |......| |)[)..---- |..............-- --...| |.........-- -....-- ---...%..| |...............| |..--------..........---.....| |......-- |-..............| |..| |......................-- ---.....-------..............-- ---- |..------- ---..........| |..)..)............---.....| |..| -----.------ --..-------------.-- --....| ---- --- ---- |..| |..-- ---- --- zoologist the Investigator Experience level: 7 Strength: 16 Dexterity: 10 Constitution: 15 Intelligence: 16 Wisdom: 16 Charisma: 9 Health: 0(54) Energy: 38(38) Def: 9 Gold: 103 Moves: 6245 Dungeon seed: CTHEHAJNp0oYl12J Game ID: zoologist_1526747901 Your Inventory: Coins $ - 103 gold pieces Weapons o - a blessed +1 arrow B - a +0 dwarvish mattock (weapon in hands) D - 2 +0 darts I - 10 blessed +1 darts (in quiver) Armor r - an uncursed +0 dwarvish mithril-coat (being worn) y - an uncursed +0 dwarvish iron helm (being worn) z - an uncursed rotted +0 dwarvish cloak (being worn) N - a cursed -1 pair of iron shoes (being worn) Comestibles b - 2 uncursed food rations Q - 2 uncursed lembas wafers Scrolls p - an uncursed scroll of scare monster v - an uncursed scroll of light Z - an uncursed scroll of teleportation Potions j - an uncursed potion of see invisible P - a cursed potion of full healing Rings i - an uncursed +1 ring of increase accuracy (on right hand) w - an uncursed ring of polymorph control X - an uncursed +1 ring of gain constitution (on left hand) Wands S - a wand of secret door detection (0:11) Tools c - an uncursed skeleton key d - a tinning kit (0:37) f - an uncursed sack g - an uncursed oil lamp (lit) (0:208) t - an uncursed magic lamp L - an uncursed magic lamp T - an uncursed skeleton key Gems e - an uncursed diamond n - an uncursed amethyst stone q - an uncursed touchstone u - 6 uncursed rocks F - an uncursed worthless piece of blue glass R - an uncursed worthless piece of yellowish brown glass U - an uncursed worthless piece of yellow glass Y - 2 uncursed worthless pieces of violet glass Contents of the sack: a cursed scroll of confuse monster a cursed potion of gain energy a potion of unholy water Spells and supernatural/magical abilities: Name Level Category Fail Memory W - pray for help -- divine ? -- Your skills at the end: Fighting Skills Weapon Skills pick-axe [Expert] whip [Basic] Spellcasting Skills Final Attributes: You were piously aligned. You were blinded. You were stealthy. You had a +1 bonus to hit. You were fast. You are dead. Vanquished creatures: a small mimic a quivering blob a leprechaun an iron piercer 2 brown puddings a dingo a gnome mummy 2 human zombies 2 Woodland-elves 3 Uruk-hai an orc shaman a rock piercer a fog cloud a violet fungus 8 gnome lords 6 gnomish wizards a ghoul a baby crocodile a kitten 4 dwarves a homunculus a rothe 2 giant bats a monkey an iguana 2 killer bees a large kobold a hobgoblin 3 giant rats 2 cave spiders a brown mold 2 yellow molds a green mold a red mold 24 gnomes 7 garter snakes 2 geckos 6 jackals a fox 5 goblins 3 sewer rats 10 grid bugs 2 bats 5 lichens a kobold zombie 8 newts 134 creatures vanquished. Voluntary challenges: You had been an atheist until turn 3766. You used a wielded weapon 208 times, starting on turn 24. You read items or engraved 178 times, starting on turn 55. You never genocided any monsters. You never polymorphed an object. You never changed form. You used no wishes. You split 1 pudding, starting on turn 5241. You wrote Elbereth's name 165 times, starting on turn 55. You never violated your personal moral code. Dungeon overview: The Dungeons of Doom: levels 1 to 4 Level 1 a long staircase Level 2 a fountain stairs to The Gnomish Mines Level 3 a fountain, a sink Level 4 The Gnomish Mines: levels 3 to 6 Level 3 stairs to The Dungeons of Doom Level 4 Level 5 many shops, a temple to Huhetotl, some fountains Level 6 <- You were here History has recorded: On T:1 you entered the Dungeons of Doom to retrieve the Amulet of Yendor! On T:535 you advanced to experience level 2. On T:697 you advanced to experience level 3. On T:836 you reached level 2 of The Dungeons of Doom. On T:1488 you advanced to experience level 4. On T:1793 you reached level 4 of The Dungeons of Doom. On T:3079 you reached level 1 of The Gnomish Mines. On T:3091 you advanced to experience level 5. On T:3420 you reached level 2 of The Gnomish Mines. On T:3576 you advanced to experience level 6. On T:3580 you reached level 3 of The Gnomish Mines. On T:4092 you reached level 4 of The Gnomish Mines. On T:4723 you advanced to experience level 7. Score breakdown: Gold: 103 ( 6861 points) Experience: 7 levels (13645 points) Exploration: 6 levels ( 12.00%) ( 9583 points) Discoveries: 15 items ( 5.05%) ( 6741 points) Valuables value: (no points given unless you survive) Artifact value: 0 ( 0 points) Variety of kills: 46 monsters ( 12.07%) (10424 points) Turncount: 6245 turns (-1683 points) Survival: died (score multiplied by 80%) Total score: 36456 Latest messages: A falling iron piercer glances off your hat. You hit the iron piercer! (2x) You miss the iron piercer. You kill the iron piercer! You are momentarily blinded by a flash of light! It misses. It butts! It just misses! It butts! It kicks! You sense a monster nearby! It misses. It hits! (2x) It misses. It kicks! It bites! Wait! There's something there you can't see! It hits! (2x) It misses. You hit it. It hits! (2x) It bites! You die... Final status: Goodbye zoologist the Archeologist, killed by a jaguar... You died in The Gnomish Mines on dungeon level 6 with 36456 points, and 103 pieces of gold, after 6245 moves. You were level 7 with a maximum of 54 hit points when you died.